[Event "*** Titled Tuesday Blitz"]
[Site "Chess.com"]
[Date "2019.10.01"]
[Round "2"]
[White "Leonid_Starozhilov"]
[Black "colegiodemadrid"]
[Result "1-0"]
[WhiteElo "2678"]
[BlackElo "2342"]
[TimeControl "180+2"]
[EndTime "13:18:03 PDT"]
[Termination "Leonid_Starozhilov won by resignation"]

1. e4 e5 2. Nf3 Nc6 3. Bc4 Nf6 4. d3 h6 5. Nc3 d6 6. h3 g6 7. a3 Bg7 8. Be3 O-O 9. Qd2 Kh7 10. g4 Ne8 11. O-O-O a6 12. Rdg1 b5 13. Bd5 Bb7 14. h4 Rb8 15. h5 g5 16. Bxg5 hxg5 17. Nxg5+ Kg8 18. h6 Bf6 19. Nxf7 Rxf7 20. g5 Bh8 21. g6 Nf6 22. gxf7+ Kf8 23. Rg8+ 1-0

[Event "*** Titled Tuesday Blitz"]
[Site "Chess.com"]
[Date "2019.10.01"]
[Round "2"]
[White "WiktoriaPOL"]
[Black "Korchmar_Vasiliy"]
[Result "0-1"]
[WhiteElo "2259"]
[BlackElo "2670"]
[TimeControl "180+2"]
[EndTime "13:18:04 PDT"]
[Termination "Korchmar_Vasiliy won by resignation"]

1. c4 c5 2. Nf3 Nc6 3. Nc3 g6 4. e3 Bg7 5. d4 Nf6 6. d5 Na5 7. Be2 O-O 8. O-O d6 9. e4 e5 10. a3 b6 11. b4 Nb7 12. Be3 h6 13. bxc5 Nxc5 14. Bxc5 bxc5 15. Rb1 Ne8 16. Qa4 f5 17. Qc6 Bd7 18. Qb7 Rf7 19. Qa6 g5 20. exf5 Bxf5 21. Rb2 e4 22. Nb5 exf3 23. Bxf3 Bxb2 0-1

[Event "*** Titled Tuesday Blitz"]
[Site "Chess.com"]
[Date "2019.10.01"]
[Round "2"]
[White "Olga_Girya"]
[Black "politeplayer"]
[Result "1-0"]
[WhiteElo "2476"]
[BlackElo "2196"]
[TimeControl "180+2"]
[EndTime "13:18:19 PDT"]
[Termination "Olga_Girya won by resignation"]

1. d4 Nf6 2. c4 c5 3. d5 e6 4. Nc3 exd5 5. cxd5 d6 6. Nf3 g6 7. h3 Bg7 8. e4 O-O 9. Bd3 b5 10. Nxb5 Re8 11. O-O Nxe4 12. Re1 a6 13. Nc3 Nxc3 14. bxc3 Bxc3 15. Rxe8+ Qxe8 16. Rb1 Nd7 17. Qa4 Qf8 18. Bf4 Ne5 19. Nxe5 dxe5 20. Qc6 Bxh3 21. Bh6 Rc8 22. Bxf8 Rxc6 23. dxc6 Kxf8 24. gxh3 1-0

[Event "*** Titled Tuesday Blitz"]
[Site "Chess.com"]
[Date "2019.10.01"]
[Round "2"]
[White "Bigfish1995"]
[Black "Alex_Terzi"]
[Result "1-0"]
[WhiteElo "2991"]
[BlackElo "2612"]
[TimeControl "180+2"]
[EndTime "13:18:32 PDT"]
[Termination "Bigfish1995 won by resignation"]

1. d4 Nf6 2. c4 c5 3. d5 b5 4.
cxb5 a6 5. bxa6 Bxa6 6. Nc3 g6 7. e4 Bxf1 8. Kxf1 d6 9. Nf3 Bg7 10. g3 O-O 11. Kg2 Qb6 12. a4 Na6 13. Qe2 Nc7 14. Bf4 Rfb8 15. Rhb1 Nd7 16. e5 Qa6 17. exd6 Qxe2 18. Nxe2 Nxd5 19. dxe7 Nxf4+ 20. Nxf4 Bxb2 21. e8=Q+ Rxe8 22. Rxb2 1-0

[Event "*** Titled Tuesday Blitz"]
[Site "Chess.com"]
[Date "2019.10.01"]
[Round "2"]
[White "kuli4ik"]
[Black "MoonlighT89"]
[Result "1-0"]
[WhiteElo "2780"]
[BlackElo "2510"]
[TimeControl "180+2"]
[EndTime "13:18:32 PDT"]
[Termination "kuli4ik won by resignation"]

1. Nf3 Nf6 2. g3 c5 3. b3 g6 4. Bb2 Bg7 5. Bg2 O-O 6. O-O d5 7. c4 d4 8. b4 Nc6 9. bxc5 Nd7 10. d3 Nxc5 11. Nbd2 e5 12. Ba3 Qa5 13. Qc1 Re8 14. Nb3 Nxb3 15. axb3 Qc7 16. Nd2 Bg4 17. Re1 a5 18. Ne4 Nb4 19. Qd2 Qb6 20. c5 Qe6 21. Bxb4 axb4 22. Qxb4 Rxa1 23. Rxa1 Bxe2 24. Nd6 Rf8 25.
Qxb7 Bxd3 26. Bd5 Qf6 27. Ra8 Rxa8 28. Qxa8+ Bf8 29. Bxf7+ 1-0

[Event "*** Titled Tuesday Blitz"]
[Site "Chess.com"]
[Date "2019.10.01"]
[Round "2"]
[White "Didici"]
[Black "Olga_Ustinova"]
[Result "1-0"]
[WhiteElo "2609"]
[BlackElo "2323"]
[TimeControl "180+2"]
[EndTime "13:18:47 PDT"]
[Termination "Didici won by resignation"]

1. g4 h5 2. g5 g6 3. Bg2 Bg7 4. d4 d5 5. c4 c6 6. cxd5 cxd5 7. Nc3 e6 8. Nf3 Ne7 9. Bf4 a6 10. e4 dxe4 11. Nxe4 Qa5+ 12. Kf1 Nf5 13. Nf6+ Bxf6 14. gxf6 Nc6 15. Bh3 Qd5 16. Be5 Nxe5 17. dxe5 Bd7 18. Bxf5 gxf5 19. Qxd5 exd5 20. Nd4 Be6 21.
Ke2 Kd7 22. Rhg1 Rhg8 23. Rg7 f4 24. Kf3 Rgc8 25. Kxf4 Rc4 26. Ke3 Rac8 27. f4 b5 28. f5 1-0

[Event "*** Titled Tuesday Blitz"]
[Site "Chess.com"]
[Date "2019.10.01"]
[Round "2"]
[White "Andrii_Prydun"]
[Black "pedromartinez91"]
[Result "1-0"]
[WhiteElo "2261"]
[BlackElo "2479"]
[TimeControl "180+2"]
[EndTime "13:18:51 PDT"]
[Termination "Andrii_Prydun won by checkmate"]

1. d4 Nf6 2. Nf3 c6 3. c3 b5 4. a4 bxa4 5. Rxa4 g6 6. Bg5 Bg7 7.
Nbd2 O-O 8. e3 d6 9. Qa1 a6 10. Bd3 Nbd7 11. O-O Nb6 12. Ra3 h6 13. Bxf6 exf6 14.
Bxa6 Bd7 15. Bd3 Qc7 16. h3 Nd5 17. Be4 Rxa3 18. Qxa3 Ne7 19. Ra1 Nf5 20. Qa7 Qc8 21. Nc4 d5 22. Nb6 Qd8 23. Nxd7 dxe4 24. Nd2 Re8 25.
Nc5 Nd6 26. Ra6 Qc8 27. Qb6 f5 28. Qxc6 Qb8 29. Qxd6 Qxb2 30. Nf1 Qxc3 31. Ra7 Bf8 32. Qd7 Re7 33. Qa4 f4 34. Rxe7 Bxe7 35. Qe8+ Bf8 36.
Nd7 fxe3 37. Qxf8+ Kh7 38. Nf6# 1-0

[Event "*** Titled Tuesday Blitz"]
[Site "Chess.com"]
[Date "2019.10.01"]
[Round "2"]
[White "AliKa2810"]
[Black "sebsep"]
[Result "1-0"]
[WhiteElo "2593"]
[BlackElo "2078"]
[TimeControl "180+2"]
[EndTime "13:18:53 PDT"]
[Termination "AliKa2810 won by checkmate"]

1. e4 e5 2. Nf3 Nc6 3. Bb5 a6 4. Ba4 Nf6 5. O-O Be7 6. Re1 b5 7. Bb3 d6 8. c3 O-O 9. h3 Na5 10. Bc2 c5 11. d4 Qc7 12. Nbd2 cxd4 13. cxd4 Nc6 14. d5 Nb4 15. Bb1 a5 16. Nf1 Bd7 17. Bd2 Na6 18. Ng3 b4 19. Bd3 Nc5 20. Bf1 Rfc8 21.
Rc1 Qb6 22. Be3 Bb5 23. Nf5 Bf8 24. Nd2 Bxf1 25. Rxf1 Nfd7 26. Nc4 Qa6 27. Qg4 Kh8 28.
Ncxd6 Bxd6 29. Qxg7# 1-0

[Event "*** Titled Tuesday Blitz"]
[Site "Chess.com"]
[Date "2019.10.01"]
[Round "2"]
[White "GLeruste"]
[Black "Siemba"]
[Result "0-1"]
[WhiteElo "2497"]
[BlackElo "2236"]
[TimeControl "180+2"]
[EndTime "13:19:02 PDT"]
[Termination "Siemba won by resignation"]

1. d4 Nf6 2. Nc3 d5 3. Bf4 g6 4. e3 Bg7 5. h4 h5 6. Nf3 O-O 7. Be2 c5 8. dxc5 Nc6 9. a3 Ne4 10. O-O Nxc3 11. bxc3 Bxc3 12. Rb1 e5 13. Bg5 f6 14. Qd3 e4 15. Qxc3 exf3 16. Bxf3 fxg5 17. Rbd1 Be6 18. Qd3 Ne5 19. Qc3 Nxf3+ 20. gxf3 gxh4 21.
Qe5 Qf6 22. f4 0-1

[Event "*** Titled Tuesday Blitz"]
[Site "Chess.com"]
[Date "2019.10.01"]
[Round "2"]
[White "grzechu96"]
[Black "GadimbayliA"]
[Result "0-1"]
[WhiteElo "2582"]
[BlackElo "2869"]
[TimeControl "180+2"]
[EndTime "13:19:04 PDT"]
[Termination "GadimbayliA won by resignation"]

1. e4 e6 2. d4 d5 3. Nc3 Bb4 4. e5 c5 5. a3 Bxc3+ 6. bxc3 Ne7 7. Qg4 Qc7 8. Qxg7 Rg8 9. Qxh7 cxd4 10. Ne2 dxc3 11. f4 Nbc6 12. h4 Bd7 13. h5 O-O-O 14. Qd3 d4 15. h6 Kb8 16. h7 Rh8 17. Nxd4 Nxd4 18. Qxd4 Bb5 19. Qf2 Bxf1 20. Qxf1 Nf5 21. Qf2 Qc6 22. Qf3 Rd5 23. g4 Rd1+ 24. Qxd1 Qxh1+ 25. Ke2 Ng3+ 0-1

[Event "*** Titled Tuesday Blitz"]
[Site "Chess.com"]
[Date "2019.10.01"]
[Round "2"]
[White "VladDobrov"]
[Black "valeriocarnicelli"]
[Result "1-0"]
[WhiteElo "2948"]
[BlackElo "2494"]
[TimeControl "180+2"]
[EndTime "13:19:25 PDT"]
[Termination "VladDobrov won by checkmate"]

1. d4 Nf6 2. c4 g6 3. Nf3 Bg7 4. g3 d6 5. Bg2 O-O 6. O-O Nc6 7. Nc3 e5 8. d5 Nb8 9. c5 Nbd7 10. cxd6 cxd6 11. Nd2 Nh5 12. e4 f5 13. exf5 Ndf6 14. fxg6 hxg6 15. Nde4 Nxe4 16. Nxe4 Bf5 17. Ng5 Bh6 18.
Ne6 Bxe6 19. dxe6 Bxc1 20. Rxc1 Qe7 21. Qd5 Rab8 22. Rfd1 Rfd8 23. Qd3 Kg7 24. Be4 Nf6 25. Bxg6 d5 26. Bf5 Rh8 27. Qe3 e4 28. Qg5+ Kf8 29.
Rc7 Qxc7 30. Qxf6+ Kg8 31. e7 Re8 32. Qg6# 1-0

[Event "*** Titled Tuesday Blitz"]
[Site "Chess.com"]
[Date "2019.10.01"]
[Round "2"]
[White "muran29"]
[Black "PNEPaul"]
[Result "1-0"]
[WhiteElo "2404"]
[BlackElo "1869"]
[TimeControl "180+2"]
[EndTime "13:19:28 PDT"]
[Termination "muran29 won by resignation"]

1. d4 Nf6 2. c4 c5 3. d5 Ne4 4.
Qc2 Qa5+ 5. Nd2 Nf6 6. e4 d6 7. Bd3 g6 8. Nf3 Na6 9. O-O Nb4 10. Qc3 Qb6 11. a3 Na6 12. e5 dxe5 13. Nxe5 Bg7 14.
f4 O-O 15. Ndf3 Ng4 16. h3 Nxe5 17. fxe5 Qc7 18. Bf4 Qd8 19. Rad1 Bd7 20. Bc2 Nc7 21. Qe3 b6 22. Ng5 h6 23. Ne4 Kh7 24. Ng3 Rh8 25. Nh5 Kg8 26. Nxg7 Kxg7 27. e6 Be8 28. Qe5+ f6 29.
Qxc7 Qxc7 30. Bxc7 Rc8 31. d6 exd6 32. Bxd6 Bc6 33. e7 Rce8 34. Rfe1 Kf7 35. Bc7 f5 36. Bd8 Ba8 37. Rd6 Rhg8 38. Ree6 Kg7 39. Rxg6+ 1-0

[Event "*** Titled Tuesday Blitz"]
[Site "Chess.com"]
[Date "2019.10.01"]
[Round "2"]
[White "Gr3egor"]
[Black "Konavets"]
[Result "0-1"]
[WhiteElo "2607"]
[BlackElo "2953"]
[TimeControl "180+2"]
[EndTime "13:19:29 PDT"]
[Termination "Konavets won by resignation"]

1. d4 Nf6 2. c4 e5 3. dxe5 Ng4 4. e4 Nxe5 5. f4 Nec6 6. Nf3 Bc5 7. Bd3 d6 8. Qe2 Bg4 9. Be3 Nd4 10. Qf2 Bxf3 11.
gxf3 Nbc6 12. Nc3 Qh4 13. O-O Qh3 14. Nd5 O-O-O 15. Rad1 Ne6 16. f5 Bxe3 17. Qxe3 Nc5 18. Bc2 a5 19. a3 a4 20. Nc3 g6 21. f6 Ne5 22. Nxa4 Nxc4 23. Qc3 Nxa4 24. Bxa4 Nb6 25. Rc1 c5 26. Bb5 Kb8 27. Qa5 Nc8 28. b4 Qe6 29. bxc5 dxc5 30. Rxc5 b6 31. Qa6 bxc5 32.
Bc6 Qb3 0-1

[Event "*** Titled Tuesday Blitz"]
[Site "Chess.com"]
[Date "2019.10.01"]
[Round "2"]
[White "Bathory44"]
[Black "AntonSmirnov"]
[Result "0-1"]
[WhiteElo "2599"]
[BlackElo "2909"]
[TimeControl "180+2"]
[EndTime "13:19:29 PDT"]
[Termination "AntonSmirnov won by resignation"]

1. e4 e6 2. d4 d5 3. Nd2 c5 4.
exd5 Qxd5 5. dxc5 Nf6 6. Ngf3 Qxc5 7. Bd3 Nbd7 8. O-O Be7 9. a4 b6 10. a5 Bb7 11. a6 Bc6 12. Nb3 Qh5 13. Nbd4 Bd5 14.
c4 Be4 15. Bxe4 Nxe4 16. Nc6 Bf6 17. Re1 Qc5 18. Ncd4 Nd6 19. b3 Qc7 20. Nxe6 fxe6 21. Rxe6+ Kf7 22. Rxd6 Nc5 23. b4 Qxd6 24. bxc5 Qxd1+ 0-1

[Event "*** Titled Tuesday Blitz"]
[Site "Chess.com"]
[Date "2019.10.01"]
[Round "2"]
[White "Micki-taryan"]
[Black "doons21"]
[Result "1-0"]
[WhiteElo "2951"]
[BlackElo "2607"]
[TimeControl "180+2"]
[EndTime "13:19:32 PDT"]
[Termination "Micki-taryan won by resignation"]

1. d4 Nf6 2. Nf3 g6 3. Nc3 d5 4.
Bf4 Bg7 5. Nb5 Na6 6. e3 c6 7. Nc3 O-O 8. h4 Bg4 9. Be2 Nc7 10. Ne5 Bxe2 11. Qxe2 Nd7 12. Nxd7 Qxd7 13. h5 Rfe8 14. hxg6 hxg6 15. O-O-O e5 16. Bxe5 Bxe5 17. dxe5 Rxe5 18. Rd4 Kf8 19. Rh7 Ke7 20. Rf4 Rf5 21. Qg4 Rf8 22.
Rxf5 Qxf5 23. Qb4+ Ke8 24. Qxb7 Kd7 25. Qb4 Re8 26. Na4 Ne6 27. Qb7+ Nc7 28. Nc5+ Kd6 29. Qb4 Qe5 30. Nd3+ 1-0

[Event "*** Titled Tuesday Blitz"]
[Site "Chess.com"]
[Date "2019.10.01"]
[Round "2"]
[White "ChessWarrior7197"]
[Black "TrenerChos"]
[Result "1-0"]
[WhiteElo "2909"]
[BlackElo "2398"]
[TimeControl "180+2"]
[EndTime "13:19:39 PDT"]
[Termination "ChessWarrior7197 won by resignation"]

1. d4 Nf6 2. c4 c5 3. Nf3 e6 4. Nc3 d5 5. e3 Nc6 6. a3 Be7 7. dxc5 Bxc5 8. b4 Be7 9. Bb2 O-O 10. Be2 dxc4 11. Qxd8 Rxd8 12. Bxc4 b6 13. Ke2 Bb7 14. Rac1 Rac8 15. Bd3 Nd5 16. Nxd5 Rxd5 17. Rhd1 Rdd8 18. Be4 Rxd1 19. Rxd1 f5 20. Bb1 Rd8 21. Ba2 Kf7 22. Rc1 h6 23. Rxc6 Bxc6 24. Ne5+ Ke8 25. Nxc6 Rc8 26. b5 Kd7 27. Bxg7 Rg8 28. Bxh6 Rxg2 29. Nxe7 Kxe7 30. h4 e5 31. Bg5+ Kd6 32. Bf7 Kc5 33. Kf1 Rg4 34. f3 Rg3 35. Kf2 f4 36. exf4 exf4 37. Bxf4 Rg7 38. Be8 Re7 39. Bc6 a6 40. Be3+ Kd6 41. a4 axb5 42. axb5 Rh7 43. Bg5 Ke5 44.
Kg3 Ra7 45. h5 Ra1 46. f4+ Kf5 47. Bd7+ Ke4 48. h6 Rg1+ 49. Kh4 Kf3 50. Bc6+ Ke3 51. h7 1-0

[Event "*** Titled Tuesday Blitz"]
[Site "Chess.com"]
[Date "2019.10.01"]
[Round "2"]
[White "WorldChampionBulletChess"]
[Black "Alliswell998"]
[Result "0-1"]
[WhiteElo "2109"]
[BlackElo "2447"]
[TimeControl "180+2"]
[EndTime "13:19:39 PDT"]
[Termination "Alliswell998 won by resignation"]

1. d4 c5 2. c4 cxd4 3. Qxd4 Nc6 4. Qd1 Nf6 5. Nf3 b6 6. Nc3 Bb7 7. Bf4 g6 8. e4 d6 9. Bd3 Bg7 10. O-O O-O 11. Qe2 Rc8 12. a3 Nd7 13. Rfd1 Re8 14. Rac1 Qc7 15. b4 Qb8 16. Nd5 Nce5 17. Nxe5 Nxe5 18. Bxe5 Bxe5 19. f4 Bg7 20. f5 Bxd5 21. cxd5 Rxc1 22. Rxc1 Rc8 23. Rf1 Rc3 24. fxg6 hxg6 25.
Bb5 Rxa3 26. Qg4 a5 27. bxa5 bxa5 28. Bd7 Bf6 29. h4 Kf8 30. h5 gxh5 31. Qxh5 Qa7+ 32.
Kh1 Qxd7 33. Qe2 Ra1 0-1

[Event "*** Titled Tuesday Blitz"]
[Site "Chess.com"]
[Date "2019.10.01"]
[Round "2"]
[White "JussupowFan"]
[Black "IMRosen"]
[Result "0-1"]
[WhiteElo "2210"]
[BlackElo "2649"]
[TimeControl "180+2"]
[EndTime "13:19:50 PDT"]
[Termination "IMRosen won by resignation"]

1. c4 e6 2. g3 Nf6 3. Bg2 d5 4. Nf3 Be7 5. O-O dxc4 6. Na3 O-O 7. Nxc4 a6 8. a4 b6 9. d4 Bb7 10. Bf4 Bd5 11. Rc1 Nc6 12. Nce5 Nb4 13. Nd3 Rc8 14.
Nxb4 Bxb4 15. Ne5 Bxg2 16. Kxg2 Qd5+ 17. f3 c5 18. Nd3 Qxd4 19. Be5 Qd8 20. Nxb4 cxb4 21.
Qxd8 Rfxd8 22. Bc7 Rd2 23. Bxb6 Rxe2+ 24. Bf2 Rcc2 25. Rxc2 Rxc2 26. Rd1 Nd5 27. b3 Ne3+ 0-1

[Event "*** Titled Tuesday Blitz"]
[Site "Chess.com"]
[Date "2019.10.01"]
[Round "2"]
[White "ChessQueen"]
[Black "malandragem"]
[Result "1-0"]
[WhiteElo "2606"]
[BlackElo "2306"]
[TimeControl "180+2"]
[EndTime "13:19:52 PDT"]
[Termination "ChessQueen won by resignation"]

1. Nf3 Nf6 2. g3 g6 3. Bg2 Bg7 4. O-O O-O 5. d4 d6 6. c4 Nc6 7. d5 Na5 8. Nbd2 c5 9. dxc6 Nxc6 10. Re1 e5 11. e4 Be6 12. b3 h6 13. h3 Qd7 14.
Kh2 Nxe4 15. Nxe4 f5 16. Nxd6 e4 17. Ba3 Rfd8 18. Nh4 Kh7 19. Rb1 g5 20. Nhxf5 Bxf5 21. Nxf5 Qxf5 22. Bxe4 Qxe4 23. Rxe4 Rxd1 24. Rxd1 1-0

[Event "*** Titled Tuesday Blitz"]
[Site "Chess.com"]
[Date "2019.10.01"]
[Round "2"]
[White "Quaritch79"]
[Black "heyiampotato"]
[Result "1-0"]
[WhiteElo "2301"]
[BlackElo "2526"]
[TimeControl "180+2"]
[EndTime "13:19:54 PDT"]
[Termination "Quaritch79 won by resignation"]

1. e4 c5 2. Nf3 d6 3. d4 cxd4 4. Nxd4 Nf6 5. Nc3 a6 6. Be3 e5 7. Nb3 Be7 8. Qd2 Be6 9. f3 h5 10. O-O-O b5 11. Nd5 Nxd5 12. exd5 Bd7 13. f4 Bg4 14. Be2 Nd7 15. h3 Bxe2 16. Qxe2 h4 17. Kb1 Bf6 18. fxe5 Bxe5 19. Nd4 O-O 20. Nc6 Qe8 21.
Qg4 f5 22. Qxh4 Bf6 23. Bg5 Ne5 24. Bxf6 Rxf6 25. Rde1 f4 26. Qg5 Qg6 27. Ne7+ 1-0

[Event "*** Titled Tuesday Blitz"]
[Site "Chess.com"]
[Date "2019.10.01"]
[Round "2"]
[White "vlad10898"]
[Black "yuki_chess123"]
[Result "1-0"]
[WhiteElo "2642"]
[BlackElo "2170"]
[TimeControl "180+2"]
[EndTime "13:19:56 PDT"]
[Termination "vlad10898 won by resignation"]

1. e4 g6 2. d4 Bg7 3. Nc3 c6 4. f4 d5 5. e5 Nh6 6. Nf3 f6 7. Be3 Bg4 8. h3 Bxf3 9. Qxf3 O-O 10. exf6 exf6 11. g4 f5 12. O-O-O Re8 13. g5 Nf7 14. h4 Nd6 15. h5 Ne4 16. hxg6 hxg6 17. Nxe4 Rxe4 18.
Bd3 Qa5 19. Bxe4 dxe4 20. Qh3 Qxa2 21. Qh7+ Kf7 22. Rh6 Nd7 23. Qxg6+ Kg8 24. Rdh1 Qa1+ 25. Kd2 Qxh1 26. Rxh1 Nf8 1-0

[Event "*** Titled Tuesday Blitz"]
[Site "Chess.com"]
[Date "2019.10.01"]
[Round "2"]
[White "TheLancer"]
[Black "vugarrasulov"]
[Result "0-1"]
[WhiteElo "2559"]
[BlackElo "2848"]
[TimeControl "180+2"]
[EndTime "13:20:02 PDT"]
[Termination "vugarrasulov won by resignation"]

1. e4 e5 2. Nf3 Nc6 3. Bb5 a6 4. Ba4 Nf6 5. O-O Be7 6. Re1 b5 7. Bb3 O-O 8. c3 d6 9. a4 Rb8 10. axb5 axb5 11. d4 exd4 12. cxd4 Nb4 13. d5 Nd7 14. Nd4 Bf6 15. Qd2 Nc5 16. Qxb4 Bxd4 17. Bc2 Qf6 18. Be3 Bxb2 19. Ra7 Be5 20. Nd2 Bc3 21. Qb1 b4 22. Rxc7 Ba6 23. Bxc5 dxc5 24. Rc6 Qf4 25. Rxa6 Qxd2 26. Rd1 Qf4 27. Rc6 Bd4 28.
Rf1 Ra8 29. Bb3 Ra1 30. Qd3 Qxf2+ 0-1

[Event "*** Titled Tuesday Blitz"]
[Site "Chess.com"]
[Date "2019.10.01"]
[Round "2"]
[White "mbojan"]
[Black "MITerryble"]
[Result "0-1"]
[WhiteElo "2550"]
[BlackElo "2844"]
[TimeControl "180+2"]
[EndTime "13:20:03 PDT"]
[Termination "MITerryble won by resignation"]

1. e4 e6 2. d4 d5 3. Nc3 Nf6 4. Bg5 Bb4 5. e5 h6 6. Bh4 g5 7.
Bg3 Ne4 8. Ne2 h5 9. h4 Nxg3 10.
Nxg3 gxh4 11. Nxh5 Qg5 12. Nf6+ Kd8 13. a3 Be7 14.
Ng4 Bd7 15. Ne3 c5 16. Bb5 cxd4 17. Qxd4 Bxb5 18. Nxb5 Nc6 19. Qd2 Qxe5 20. O-O-O a6 21. Nc3 Kc8 22. Rhe1 Qg5 23. f4 Qxf4 24. Rf1 Qe5 25. Rxf7 Bg5 26. Kb1 Qxe3 27. Nxd5 Qxd2 28. Nb6+ Kb8 29. Rxd2 Bxd2 30. Nd7+ Ka7 31. Nc5 Rab8 32. Nxe6 Be3 0-1

[Event "*** Titled Tuesday Blitz"]
[Site "Chess.com"]
[Date "2019.10.01"]
[Round "2"]
[White "fidetrainerNET"]
[Black "Roman_Ovetchkin"]
[Result "0-1"]
[WhiteElo "2272"]
[BlackElo "2663"]
[TimeControl "180+2"]
[EndTime "13:20:04 PDT"]
[Termination "Roman_Ovetchkin won by resignation"]

1. d4 Nf6 2. Nf3 g6 3. g3 Bg7 4.
Bg2 O-O 5. O-O d6 6. Re1 Nc6 7.
e4 e5 8. d5 Ne7 9. c4 Kh8 10.
Nc3 c5 11. dxc6 bxc6 12. Qa4 Nd7 13. b4 Nb6 14. Qb3 Be6 15. Bf1 f5 16. a4 a5 17.
bxa5 Rxa5 18. Qb4 Nbc8 19. Bg5 f4 20. gxf4 exf4 21. Bxe7 Nxe7 22. Ng5 Rxg5+ 0-1

[Event "*** Titled Tuesday Blitz"]
[Site "Chess.com"]
[Date "2019.10.01"]
[Round "2"]
[White "Andrei_Belozerov"]
[Black "Playgood28"]
[Result "1-0"]
[WhiteElo "2538"]
[BlackElo "2281"]
[TimeControl "180+2"]
[EndTime "13:20:09 PDT"]
[Termination "Andrei_Belozerov won by resignation"]

1. e4 e5 2. Nf3 d6 3. d4 exd4 4. Nxd4 Nf6 5. Nc3 Be7 6. Bf4 O-O 7. Qd2 a6 8. Be2 c5 9. Nb3 b5 10. Bf3 Ra7 11. O-O Bb7 12. Rad1 b4 13. Nd5 Nxd5 14. exd5 a5 15. Rfe1 Nd7 16. Qe3 Ne5 17. Bxe5 dxe5 18. Nxc5 Bg5 19. Qe4 Bf6 20. c4 bxc3 21. bxc3 Ba6 22.
d6 Qc8 23. Qd5 Bb5 24. c4 Bd7 25. Nxd7 Qxd7 26. c5 1-0

[Event "*** Titled Tuesday Blitz"]
[Site "Chess.com"]
[Date "2019.10.01"]
[Round "2"]
[White "therealtrader"]
[Black "Alexander_Moskalenko"]
[Result "0-1"]
[WhiteElo "2591"]
[BlackElo "2891"]
[TimeControl "180+2"]
[EndTime "13:20:11 PDT"]
[Termination "Alexander_Moskalenko won by resignation"]

1. d4 Nf6 2. c4 e6 3. Nf3 d5 4.
Nc3 Bb4 5. cxd5 exd5 6. Bf4 O-O 7.
e3 Bf5 8. Qb3 Nc6 9. Bb5 Bxc3+ 10. bxc3 Na5 11. Qa4 c6 12. Be2 Ne4 13. Rc1 Bg4 14.
h3 Bh5 15. O-O Bxf3 16. gxf3 Nd2 17. Rfd1 Ndc4 18. Kh2 b5 19. Qc2 Nb7 20. Rg1 g6 21. a4 Re8 22. Bd3 Re6 23. Bg5 Qd6+ 24. Rg3 Rae8 25.
Rg1 Qa3 26. axb5 cxb5 27. Rb1 a6 28. h4 Rc8 29. h5 Nxe3 30. Bxe3 Rxc3 31. hxg6 hxg6 32.
Bxg6 Rxc2 33. Bxc2+ Kf8 34. Rc1 Rxe3 0-1

[Event "*** Titled Tuesday Blitz"]
[Site "Chess.com"]
[Date "2019.10.01"]
[Round "2"]
[White "CzechmVIII"]
[Black "hypert"]
[Result "0-1"]
[WhiteElo "2099"]
[BlackElo "2433"]
[TimeControl "180+2"]
[EndTime "13:20:11 PDT"]
[Termination "hypert won by resignation"]

1. e4 c5 2. Nf3 Nc6 3. Nc3 d6 4.
d4 cxd4 5. Nxd4 Nf6 6. Bc4 e6 7.
Be3 Be7 8. Qe2 a6 9. O-O-O Nxd4 10. Bxd4 b5 11. Bb3 O-O 12. e5 Nd7 13. exd6 Bxd6 14. Bxg7 Bf4+ 15. Kb1 Kxg7 16. Qe4 Qc7 17. Qxa8 Bb7 18.
Qa7 Nb6 19. Nxb5 axb5 20. Qa5 Qc5 21. Qc3+ Qxc3 22. bxc3 Be5 23. Rhe1 Bxc3 24. Re3 Bf6 25. Rg3+ Kh8 26. c3 Nd5 27. Rdd3 Rc8 28. Bxd5 Bxd5 29.
Rh3 Be4 0-1

[Event "*** Titled Tuesday Blitz"]
[Site "Chess.com"]
[Date "2019.10.01"]
[Round "2"]
[White "Darhild"]
[Black "Hikaru"]
[Result "0-1"]
[WhiteElo "2632"]
[BlackElo "3171"]
[TimeControl "180+2"]
[EndTime "13:20:14 PDT"]
[Termination "Hikaru won by resignation"]

1. e4 c6 2. Nc3 d5 3. Nf3 Nf6 4.
e5 Ne4 5. Ne2 Qb6 6. d4 e6 7.
Nfg1 f6 8. f3 Ng5 9. Nc3 Nf7 10.
exf6 gxf6 11. Nge2 c5 12. Be3 Nc6 13. Qd2 Qa5 14.
dxc5 Bd7 15. O-O-O Bxc5 16. Nxd5 exd5 17. Bxc5 Qxc5 18.
Nf4 O-O-O 19. Qxd5 Qe3+ 20. Qd2 Qxd2+ 21. Rxd2 Nfe5 22. Nd5 Rhf8 23. Bb5 Be6 24. Rhd1 a6 25. Ba4 Kb8 26. Bb3 Na5 27. Kb1 Nec4 28. Rd4 Rxd5 29. Rxd5 Bxd5 30. Rxd5 Re8 31. a3 Nxb3 32. cxb3 Re1+ 33. Ka2 Ne5 34. Rd8+ Ka7 35. Rh8 Re2 36. Rxh7 Rxg2 37. h4 Nd3 0-1

[Event "*** Titled Tuesday Blitz"]
[Site "Chess.com"]
[Date "2019.10.01"]
[Round "2"]
[White "Olga_Zhuravleva"]
[Black "ShahMatKanal"]
[Result "1-0"]
[WhiteElo "2200"]
[BlackElo "2451"]
[TimeControl "180+2"]
[EndTime "13:20:14 PDT"]
[Termination "Olga_Zhuravleva won by resignation"]

1. e4 c5 2. Nf3 Nc6 3. Nc3 e5 4. Bc4 d6 5. O-O Be7 6. d3 Nf6 7. Nd5 Nxd5 8. Bxd5 O-O 9. c3 Kh8 10. d4 cxd4 11. cxd4 Bg4 12. Bxc6 bxc6 13. dxe5 Bxf3 14. Qxf3 dxe5 15. Rd1 Qb6 16. h3 Bc5 17. b3 Bd4 18. Rb1 Rad8 19. Ba3 c5 20. Bb2 f6 21. Bc3 Qa6 22.
a4 Rd7 23. Be1 Rfd8 24. Rdc1 Qc6 25. Rc4 Rb8 26. b4 Qxa4 27. bxc5 Rxb1 28. Rxa4 Rxe1+ 29. Kh2 Rc1 30. Qf5 Rc7 31. Rxa7 R1xc5 32. Ra8+ Rc8 33. Rxc8+ 1-0

[Event "*** Titled Tuesday Blitz"]
[Site "Chess.com"]
[Date "2019.10.01"]
[Round "2"]
[White "Zhuu96"]
[Black "Keaton87"]
[Result "1-0"]
[WhiteElo "2976"]
[BlackElo "2611"]
[TimeControl "180+2"]
[EndTime "13:20:20 PDT"]
[Termination "Zhuu96 won by resignation"]

1. e4 c5 2. Nf3 d6 3. d4 Nf6 4.
Nc3 cxd4 5. Nxd4 g6 6. Be2 Bg7 7. O-O Nc6 8. Nb3 O-O 9. Re1 Be6 10. Bg5 a5 11. a4 Rc8 12. Bf1 Nb4 13. Nd4 Bc4 14. Bxc4 Rxc4 15. Ndb5 h6 16. Bh4 Qb6 17. Na3 Rcc8 18. Ncb5 Rfd8 19. c3 Na6 20. Qe2 Qc5 21.
Kh1 Nc7 22. f3 Nxb5 23. axb5 Qc7 24. Bf2 Nd7 25. b6 Qc6 26. Nb5 Qc4 27. Nc7 Qb3 28. Rxa5 Nc5 29. Ra3 1-0

[Event "*** Titled Tuesday Blitz"]
[Site "Chess.com"]
[Date "2019.10.01"]
[Round "2"]
[White "Spalir"]
[Black "santosalberto1987"]
[Result "1-0"]
[WhiteElo "2819"]
[BlackElo "2380"]
[TimeControl "180+2"]
[EndTime "13:20:21 PDT"]
[Termination "Spalir won by resignation"]

1. d4 d5 2. c4 c6 3. Nf3 Nf6 4. Nc3 dxc4 5. a4 Bf5 6. Ne5 e6 7. f3 Bb4 8. e4 Bxe4 9. fxe4 Nxe4 10. Bd2 Qxd4 11. Nxe4 Qxe4+ 12. Qe2 Bxd2+ 13. Kxd2 Qd5+ 14. Kc2 Na6 15. Nxc4 O-O-O 16. Qf3 f6 17. Be2 Qxf3 18. Bxf3 e5 19. Rhd1 Kc7 20. Kc3 Nc5 21. b4 Ne6 22. Rab1 Rd4 23. b5 c5 24. a5 Rhd8 25. b6+ axb6 26. axb6+ Kb8 27. Rxd4 cxd4+ 28. Kd2 Nc5 29. Rb5 Ne6 30. Na5 Rd7 31. Bg4 Re7 32. Rd5 1-0